 Dungeon Crawl Stone Soup version 0.29-a0-474-gdfe5cd140f (webtiles) character file.

Game seed: 8611384203061017203

231 Infinimo the Cudgeller (level 5, -9/41 HPs)
             Began as a Demonspawn Gladiator on May 24, 2022.
             Killed by divine providence
             ... invoked by an orc priest
              (14 damage)
             ... on level 4 of the Dungeon.
             The game lasted 00:03:03 (3283 turns).

Infinimo the Cudgeller (Demonspawn Gladiator)       Turns: 3283, Time: 00:03:04

Health: -9/41      AC:  7    Str: 22    XL:     5   Next: 73%
Magic:  5/5        EV: 13    Int: 11    God:
Gold:   130        SH:  0    Dex: 14    Spells: 4/4 levels left

rFire   . . .      SeeInvis .   s - +4 whip of the Charming Ancients {vorpal, rElec Str+7}
rCold   . . .      Faith    .   (no shield)
rNeg    . . .      Spirit   .   b - +0 leather armour
rPois   .          Reflect  .   c - +0 helmet
rElec   +          Harm     .   o - +0 cloak
rCorr   .          Rampage  .   k - +1 pair of gloves
Will    .....                   (no boots)
Stlth   +.........              (no amulet)
HPRegen 0.13/turn               (no ring)
MPRegen 0.09/turn               (no ring)

@: no status effects
A: spiny 1, weakness stinger 2
a: no special abilities


You were on level 4 of the Dungeon.
You visited 1 branch of the dungeon, and saw 4 of its levels.

You collected 274 gold pieces.
You spent 144 gold pieces at shops.

Inventory:

Hand Weapons
 s - the +4 whip of the Charming Ancients (weapon) {vorpal, rElec Str+7}
   (You took it off a goblin on level 3 of the Dungeon)

   It inflicts extra damage upon your enemies.
   Str:       It affects your strength (+7).
   rElec:     It insulates you from electricity.
Missiles
 d - 5 throwing nets (quivered)
 e - a javelin
Armour
 b - a +0 leather armour (worn)
 c - a +0 helmet (worn)
 k - a +1 pair of gloves (worn)
 o - a +0 cloak (worn)
Jewellery
 p - a ring of magical power
 v - a +4 ring of evasion
 w - a ring of wizardry
Scrolls
 a - a scroll of blinking {unknown}
 f - 6 scrolls of identify {unknown}
 g - a scroll of noise {unknown}
 h - a scroll of brand weapon {unknown}
 n - a scroll of poison {unknown}
 t - a scroll of enchant armour {unknown}
Potions
 i - 3 potions of magic
 j - 2 potions of might {unknown}
 l - 3 potions of curing
 m - a potion of brilliance {unknown}
 q - a potion of lignification {unknown}
 r - a potion of degeneration
 u - a potion of berserk rage {unknown}


   Skills:
 + Level 3.4 Fighting
 * Level 4.6 Maces & Flails
 - Level 1.7 Throwing
 + Level 3.7 Dodging


You had 4 spell levels left.
You didn't know any spells.
Your spell library contained the following spells:

 Spells                   Type           Power      Damage    Failure   Level
 Scorch                   Fire           0%         2d5       52%         2
 Flame Wave               Conj/Fire      0%         2d4       99%         4
 Summon Cactus Giant      Summ           0%         N/A       100%        6


Dungeon Overview and Level Annotations

Branches:
Dungeon (4/15)
 Temple: D:4-7

Altars:

Shops:
D:3 !


Innate Abilities, Weirdness & Mutations

You are partially covered in sharp spines.
You have a tail ending in a sharp stinger.


Message History

An orc comes into view. It is wielding a +0 dagger.
An orc priest comes into view. It is wielding a +0 club.
The orc shouts!
The orc priest shouts!
You hear a shout!
An orc priest comes into view. It is wielding a +0 mace.
The orc priest invokes the aid of Beogh against you.
Beogh smites you!
A ball python comes into view.
The ball python hisses angrily.
The orc is severely wounded.
You kill the orc!
The orc priest calls down the wrath of Beogh upon you.
Beogh smites you!
Okay, then.
The orc priest is lightly wounded.
The orc priest miscasts a cantrip.
The orc priest is heavily wounded.
The ball python is struck by your spines.
You kill the ball python!
The orc priest is heavily wounded.
The orc priest is heavily wounded.
The orc priest mumbles some strange prayers to Beogh against you.
Beogh smites you!
* * * LOW HITPOINT WARNING * * *
The orc priest is struck by your spines.
You tail-slap the orc priest, but do no damage.
The orc priest is heavily wounded.
The orc priest is struck by your spines.
You kill the orc priest!
The orc priest is heavily wounded.
The orc priest is almost dead.
The orc priest is almost dead.
The orc priest looks braver for a moment.
The orc priest is almost dead.
The orc priest looks encouraged for a moment.
The orc priest is almost dead.
The orc priest is almost dead.
The orc priest is almost dead.
The orc priest invokes the aid of Beogh against you.
Beogh smites you!
You die...

#.##..........
.............
............
#...........
#...........
#...........
#...)o......
#...@.......
#........###
#.......## ...
##......# #..#
##......## #...#
##..#....# #...#
##.####...###...#
#.## ##...#<..#
### ##<.....#


You could see an orc priest.

Vanquished Creatures
  A scorpion (D:4)
  An orc priest (D:4)
  Jessica (D:3)
  3 gnolls (D:3)
  2 adders
  2 ufetubi (D:4)
  A worm (D:3)
  2 dart slugs (D:3)
  An orc (D:4)
  6 ball pythons
  3 endoplasms
  2 giant cockroaches
  4 goblins
  5 hobgoblins
  5 kobolds
  2 quokkas
  6 bats
  5 frilled lizards (D:1)
  7 rats
59 creatures vanquished.

Notes
Turn   | Place    | Note
-------+----------+-------------------------------------------
     0 | D:1      | Infinimo the Demonspawn Gladiator began the quest for the
                  | Orb.
     0 | D:1      | Reached XP level 1. HP: 16/16 MP: 1/1
   352 | D:1      | Reached skill level 3 in Maces & Flails
   352 | D:1      | Gained mutation: You have a small tail. [demonic ancestry]
   352 | D:1      | Reached XP level 2. HP: 12/22 MP: 2/2
  1117 | D:2      | Gained mutation: You have a tail ending in a sharp stinger.
                  | [demonic ancestry]
  1117 | D:2      | Reached XP level 3. HP: 28/28 MP: 3/3
  1451 | D:2      | Found a faded altar of an unknown god.
  1651 | D:3      | Noticed Jessica
  1659 | D:3      | Killed Jessica
  1713 | D:3      | Gained mutation: You are partially covered in sharp spines.
                  | [demonic ancestry]
  1713 | D:3      | Reached XP level 4. HP: 34/34 MP: 4/4
  1725 | D:3      | Found Etod's Distillery.
  1733 | D:3      | Bought a potion of degeneration for 12 gold pieces
  1733 | D:3      | Bought a potion of magic for 96 gold pieces
  1733 | D:3      | Bought a potion of curing for 36 gold pieces
  1870 | D:3      | Reached skill level 4 in Maces & Flails
  1877 | D:3      | Identified the +4 whip of the Charming Ancients {vorpal,
                  | rElec Str+7}
  2688 | D:4      | Reached XP level 5. HP: 41/41 MP: 5/5
  3283 | D:4      | Killed from afar by an orc priest

Illustrated notes

Levels and vault maps discovered:
D:1:      wheals_arrival_shading, layout_basic, hex_intersection,
          corexii_corridor_pit, minmay_pentomino_p2
D:2:      layout_basic, shapermc_ecumenical_altar_notcrosses
D:3:      layout_basic, serial_shops, shop, minmay_misc_feat_secret_circle,
          kennysheep_crisscross, chequers_arboretum, uniq_jessica
D:4:      layout_layer_cave, mainiacjoe_overflow_alcove_2, uniq_blork_the_orc

Skill      XL: |  1  2  3  4 |
---------------+-------------+-----
Maces & Flails | 3 4 |  4.6
Dodging        | 3 |  3.7
Fighting       | 3 |  3.4
Throwing       | |  1.7

Action                   |  1- 3 |  4- 6 || total
-------------------------+-------+-------++-------
Melee: Flail             |    94 |    22 ||   116
       Tailslap          |     5 |     7 ||    12
       Punch             |     1 |       ||     1
       Whip              |       |    34 ||    34
 Stab: Sleeping          |       |     1 ||     1
Armor: Leather armour    |    32 |    11 ||    43
Dodge: Dodged            |    62 |    32 ||    94

Table legend: (Time is in decaauts)
 A = Elapsed time spent in this place.
 B = Non-inter-level travel time spent in this place.
 C = Inter-level travel time spent in this place.
 D = Time resting spent in this place.
 E = Time spent auto-exploring this place.
 F = Levels seen in this place.
 G = Mean time per level.
                   A        B        C        D        E       F      G
               +--------+--------+--------+--------+--------+-----+--------+
         Total |   3312 |   3243 |     69 |      0 |   2892 |   4 |  828.0 |
       Dungeon |   3312 |   3243 |     69 |      0 |   2892 |   4 |  828.0 |
               +--------+--------+--------+--------+--------+-----+--------+

Top non-repeatable levels by time:
     D:3: 1067 daAuts
     D:1: 992 daAuts
     D:4: 735 daAuts
     D:2: 517 daAuts
